 Dungeon Crawl Stone Soup version 0.24.0-13-gcf9b3192b9 (console) character file.

Game seed: 16572555773051419669, levelgen mode: deterministic

445 AlterAsc the Changer (level 7, 0/43 HPs)
             Began as an Octopode Transmuter on Nov 9, 2019.
             Slain by an iguana (7 damage)
             ... on level 4 of the Dungeon.
             The game lasted 00:13:06 (4240 turns).

AlterAsc the Changer (Octopode Transmuter)          Turns: 4240, Time: 00:13:06

Health: 0/43       AC:  5    Str: 11    XL:     7   Next: 3%
Magic:  13/13      EV: 13    Int: 15    God:
Gold:   192        SH:  0    Dex: 13    Spells: 4/14 levels left

rFire    . . .     SeeInvis +   m - staff of energy
rCold    . . .     Gourm    .   (no shield)
rNeg     + . .     Faith    .   (helmet restricted)
rPois    .         Spirit   .   (no amulet)
rElec    .         Reflect  .   e - ring of see invisible
rCorr    .         Harm     .   i - +4 ring of protection (curse)
MR       .....                  t - ring of positive energy
Stlth    ++........             (no ring)
HPRegen  0.14/turn              (no ring)
MPRegen  0.13/turn              (no ring)
                                (no ring)
                                (no ring)

@: no status effects
A: almost no armour, stealthy swim, amphibious, 8 rings, constrict 8, camouflage
1, gelatinous body 1
a: no special abilities


You were on level 4 of the Dungeon.
You were not hungry.

You visited 1 branch of the dungeon, and saw 4 of its levels.

You collected 192 gold pieces.

Inventory:

Missiles
 a - 12 arrows
 d - 23 poisoned darts (quivered)
Magical Staves
 m - an uncursed staff of energy (weapon)
Jewellery
 e - a ring of see invisible (left tentacle)
 i - a cursed +4 ring of protection (right tentacle)
 t - a ring of positive energy (on tentacle)
 x - an uncursed ring of magical power
Wands
 p - a wand of paralysis (7)
 s - a wand of clouds (2)
 v - a wand of polymorph (10)
Scrolls
 b - 4 scrolls of identify
 g - 2 scrolls of teleportation {unknown}
 h - 4 scrolls of remove curse
 j - a scroll of immolation {unknown}
Potions
 f - 3 potions of heal wounds {unknown}
 k - a potion of might {unknown}
 l - 2 potions of curing {unknown}
 n - a potion of brilliance {unknown}
 o - a potion of agility {unknown}
 q - a potion of haste {unknown}
 r - a potion of mutation {unknown}
 u - a potion of flight {unknown}
 w - a potion of berserk rage {unknown}
Comestibles
 c - 7 rations
 z - 3 chunks of flesh


   Skills:
 - Level 1.2 Fighting
 - Level 2.1 Dodging
 - Level 3.1 Unarmed Combat
 + Level 4.0 Spellcasting
 * Level 5.9 Transmutations


You had 4 spell levels left.
You knew the following spells:

 Your Spells              Type           Power        Failure   Level  Hunger
a - Beastly Appendage     Tmut           ###...       1%          1    None
b - Sticks to Snakes      Tmut           ###.....     2%          2    None
c - Spider Form           Tmut/Pois      ##........   16%         3    None
d - Ice Form              Ice/Tmut       ##......     47%         4    None

Your spell library contained the following spells:

 Spells                   Type           Power        Failure   Level  Hunger
 Blade Hands              Tmut           ###.......   41%         5    None


Dungeon Overview and Level Annotations

Branches:
Dungeon (4/15)
 Temple: D:4-7

Altars:

Shops:
D:4 [

Annotations:
D:4 1 transporter


Innate Abilities, Weirdness & Mutations

You cannot wear most types of armour.
You are very stealthy in the water. (Stealth+)
You are amphibious.
You can wear up to eight rings at the same time.
You can use your tentacles to constrict eight enemies at once.
Your skin changes colour to match your surroundings (Stealth+).
Your rubbery body absorbs attacks. (AC +1, EV +1)


Message History

Found 12 gold pieces.
Your transformation has ended.
Your uncursed staff of energy unmelds from your body.
Found 15 gold pieces.
An iguana comes into view.
The iguana hisses angrily.
The iguana bites you but does no damage.
You hit the iguana but do no damage. Your grab misses the iguana.
You squeeze the iguana.
The iguana is lightly wounded.
The iguana bites you!
You hit the iguana but do no damage. You grab the iguana.
The iguana is lightly wounded.
You constrict the iguana. The iguana bites you!
You hit the iguana. You squeeze the iguana.
The iguana is severely wounded.
You constrict the iguana. The iguana bites you!
* * * LOW HITPOINT WARNING * * *
The iguana bites you!
You die...

..........##........
...........#.##########
...........#.#8P#≈≈≈;≈≈≈
.............#..#.......
............©#©$+..$♣...
.............#..#.......
.............#8P#;≈≈≈≈≈≈
..........#..###########
..........#.....@l......
..........#.............
..........##############
......^...# ..........#
..........# .......÷[.#
..........# .(........#


You could see an iguana and 2 electric eels.

Vanquished Creatures
  A centaur skeleton (D:4)
  2 orc priests (D:3)
  A bullfrog skeleton (D:4)
  2 orc wizards (D:3)
  An iguana (D:2)
  Robin (D:2)
  3 gnolls (D:3)
  4 adders
  6 worms
  A dart slug (D:1)
  6 leopard geckos
  19 orcs
  5 giant cockroaches
  11 hobgoblins
  3 jackals
  10 kobolds
  5 ball pythons (D:2)
  8 bats
  5 frilled lizards
  22 goblins
  A leopard gecko skeleton (D:4)
  7 rats
124 creatures vanquished.

Notes
Turn   | Place    | Note
-------+----------+-------------------------------------------
     0 | D:1      | AlterAsc the Octopode Transmuter began the quest for the
                  | Orb.
     0 | D:1      | Reached XP level 1. HP: 13/13 MP: 3/3
   137 | D:1      | Reached XP level 2. HP: 15/18 MP: 5/5
   300 | D:1      | Learned a level 2 spell: Sticks to Snakes
   524 | D:1      | Reached XP level 3. HP: 23/23 MP: 4/6
   544 | D:1      | Learned a level 3 spell: Spider Form
  1306 | D:2      | Noticed Robin
  1316 | D:2      | Reached skill level 3 in Transmutations
  1655 | D:2      | Reached XP level 4. HP: 22/28 MP: 6/8
  2175 | D:2      | Killed Robin
  2228 | D:2      | You fall into a shaft and drop 2 floors!
  2254 | D:4      | Found Nocug's Armour Emporium.
  2345 | D:4      | Reached skill level 4 in Transmutations
  2345 | D:4      | Reached XP level 5. HP: 23/33 MP: 6/9
  2941 | D:3      | Learned a level 4 spell: Ice Form
  3183 | D:3      | Reached skill level 5 in Transmutations
  3183 | D:3      | Reached XP level 6. HP: 31/38 MP: 8/11
  3454 | D:3      | Found a faded altar of an unknown god.
  4097 | D:4      | Reached XP level 7. HP: 32/43 MP: 10/13
  4227 | D:4      | Found a transporter.
  4240 | D:4      | Slain by an iguana

Levels and vault maps discovered:
D:1:      kennysheep_arrival_seaside, layout_loops_corners, serial_bayou_ford_a,
          minmay_tromino_i4
D:2:      layout_rooms, minmay_shallow_snake_nest, uniq_robin
D:3:      layout_loops_ring, chequers_ecumenical_altar_island, first_ration,
          st_stairs_14, grunt_ministairs_4, palyth_stone_intersect
D:4:      gammafunk_steamed_eel, layout_basic, serial_shops, nicolae_shop_stone

Skill      XL: |  1  2  3  4  5  6 |
---------------+-------------------+-----
Transmutations | 3 4 5 |  5.9
Spellcasting   | 3 4 |  4.0
Fighting       | |  1.2
Dodging        | |  2.1
Unarmed Combat | |  3.1

Action                   |  1- 3 |  4- 6 |  7- 9 || total
-------------------------+-------+-------+-------++-------
Melee: Unarmed           |    84 |   155 |     4 ||   243
       Constrict         |    20 |    24 |     1 ||    45
       Kick              |    11 |       |       ||    11
       Tentacles         |     8 |    15 |     2 ||    25
       Staff             |       |    65 |     3 ||    68
       Punch             |       |     4 |       ||     4
Throw: Dart              |     4 |    16 |       ||    20
 Cast: Beastly Appendage |    14 |       |       ||    14
       Spider Form       |       |    22 |     1 ||    23
  Use: Scroll            |       |     1 |       ||     1
 Stab: Sleeping          |     7 |     2 |       ||     9
  Eat: Chunk             |     2 |    10 |       ||    12
Armor: Skin              |     7 |    37 |     3 ||    47
Dodge: Dodged            |    45 |   147 |     1 ||   193
